 Dungeon Crawl Stone Soup version 0.27-a0-988-g25969acef8 (webtiles) character file.

Game seed: 1602177230442552712

9673 HendSelp the Destroyer (level 11, -9/54 HPs)
             Began as a Deep Elf Conjurer on Apr 15, 2021.
             Was a Believer of Sif Muna.
             Mangled by an ice devil (18 damage)
             ... in an ice cave.
             The game lasted 00:24:08 (15557 turns).

HendSelp the Destroyer (Deep Elf Conjurer)         Turns: 15557, Time: 00:24:09

Health: -9/54      AC:  7    Str:  4    XL:     11   Next: 26%
Magic:  2/28       EV: 12    Int: 27    God:    Sif Muna [**....]
Gold:   690        SH:  0    Dex: 13    Spells: 19/32 levels left

rFire    . . .     SeeInvis +   (no weapon)
rCold    . . .     Faith    .   (no shield)
rNeg     . . .     Spirit   .   e - +0 steam dragon scales
rPois    .         Reflect  .   (no helmet)
rElec    .         Harm     .   f - +0 cloak
rCorr    .         Rampage  .   (no gloves)
Will     +....                  k - +0 pair of boots
Stlth    ++........             (no amulet)
HPRegen  0.18/turn              m - ring of see invisible
MPRegen  0.21/turn              n - ring of wizardry

@: about to teleport
A: no striking features
a: Renounce Religion, Channel Magic


You were in an ice cave.
You worshipped Sif Muna.
Sif Muna was pleased with you.
You visited 2 branches of the dungeon, and saw 12 of its levels.
You also visited: Ice Cave.

You collected 690 gold pieces.

Inventory:

Missiles
 c - 5 throwing nets
Armour
 e - +0 steam dragon scales (worn)
 f - a +0 cloak (worn)
 k - a +0 pair of boots (worn)
 q - +0 acid dragon scales
Jewellery
 j - a +4 ring of evasion
 m - a ring of see invisible (left hand)
 n - a ring of wizardry (right hand)
Wands
 d - a wand of digging (14)
 h - a wand of charming (30)
 i - a wand of acid (8)
 l - a wand of paralysis (9)
 t - a wand of flame (22)
Scrolls
 a - 4 scrolls of identify
 r - a scroll of blinking
Potions
 b - a potion of flight
 g - 3 potions of haste
 p - a potion of curing
 s - a potion of might


   Skills:
 - Level 2.4 Dodging
 - Level 2.4 Stealth
 - Level 11.0 Spellcasting
 - Level 11.1 Conjurations
 - Level 11.1 Translocations
 + Level 8.0 Ice Magic


You had 19 spell levels left.
You knew the following spells:

 Your Spells              Type           Power      Damage    Failure   Level
a - Magic Dart            Conj           100%       1d8       1%          1
b - Searing Ray           Conj           100%       3d7       1%          2
c - Iskenderun's Mystic   Conj/Tloc      66%        2d14      1%          4
d - Tukima's Dance        Hex            14%        N/A       4%          3
e - Frozen Ramparts       Ice            100%       1d12      1%          3

Your spell library contained the following spells:

 Spells                   Type           Power      Damage    Failure   Level
 Corona                   Hex            15%        N/A       1%          1
 Freeze                   Ice            100%       1d11      1%          1
 Ensorcelled Hibernation  Hex/Ice        72%        N/A       1%          2
 Conjure Flame            Conj/Fire      44%        6-21      1%          3
 Dazzling Flash           Conj/Hex       88%        N/A       1%          3
 Mephitic Cloud           Conj/Pois/Air  34%        N/A       1%          3
 Ozocubu's Armour         Ice            55%        N/A       1%          3
 Fulminant Prism          Conj/Hex       22%        3d13      1%          4
 Hailstorm                Conj/Ice       61%        3d13      1%          4
 Poisonous Vapours        Pois/Air       28%        N/A       2%          2
 Confusing Touch          Hex            14%        N/A       4%          3
 Metabolic Englaciation   Hex/Ice        18%        N/A       9%          5
 Freezing Cloud           Conj/Ice/Air   24%        6-21      17%         6


Dungeon Overview and Level Annotations

Branches:
Dungeon (11/15)            Temple (1/1) D:6            Lair (0/6) D:10
    Orc (0/2) D:9           IceCv (1/1)

Altars:
Ashenzari
Cheibriados
Dithmenos
Elyvilon
Fedhas
Gozag
Hepliaklqana
Kikubaaqudgha
Makhleb
Nemelex Xobeh
Okawaru
Qazlal
Ru
Sif Muna
Trog
Uskayaw
Vehumet
Wu Jian
Xom
Yredelemnul
Zin
The Shining One

Shops:
D:1 :   D:2 =

Annotations:
D:4 3 runed translucent doors, indyram44's ghost, amateur DsGl
D:5 2 runed translucent doors


Message History

The mystic blast hits the ice devil.
The ice devil is lightly wounded.
The ice devil is knocked back by the mystic blast.
The ice devil slams into the ice covered rock wall!
Your Ice Magic skill increases to level 8!
Unknown command.
Casting: Iskenderun's Mystic Blast (safe; 1% risk of failure)
Confirm with . or Enter, or press ? or * to list all spells.
You erupt in a blast of force!
The mystic blast hits the ice devil!
The ice devil is heavily wounded.
The ice devil is knocked back by the mystic blast.
The ice devil slams into the ice covered rock wall!
The mystic blast hits the ice devil!
The ice devil is lightly wounded.
The ice devil is knocked back by the mystic blast.
Unknown command.
Unknown command.
You fail to use your ability.
The ice devil closely misses you.
Unknown command.
There is an ice choked empty arch of ancient stone here.
Casting: Iskenderun's Mystic Blast (safe; 1% risk of failure)
Confirm with . or Enter, or press ? or * to list all spells.
Okay, then.
You fail to use your ability.
The ice devil closely misses you.
You fail to use your ability.
The ice devil hits you. The ice devil freezes you!!
Unknown command.
Casting: Iskenderun's Mystic Blast (safe; 1% risk of failure)
Confirm with . or Enter, or press ? or * to list all spells.
Aiming: Searing Ray (safe; 1% risk of failure)
Press: ? - help, Shift-Dir - straight line, f - ice devil
Aim: an ice devil (severely wounded, 83% to hit)
Okay, then.
As you read the scroll of teleportation, it crumbles to dust.
You feel strangely unstable. The ice devil hits you! The ice devil freezes you!
* * * LOW HITPOINT WARNING * * *
You feel better. The ice devil barely misses you. The ice devil hits you!
* * * LOW HITPOINT WARNING * * *
The ice devil freezes you!!
You die...

#####
##.@.##
##.44..##
#...∩...#
#...∩...#
##.....##
##...##
#...##
##...#
#...#


You could see 2 ice devils.

Vanquished Creatures
  2 two-headed ogres
  A komodo dragon (D:10)
  An ice devil (IceCv)
  A meliai zombie (D:10)
  Sigmund (D:5)
  9 yaks (D:10)
  2 wraiths (D:10)
  Grum (D:8)
  Eustachio (D:6)
  2 steam dragons (D:6)
  Duvessa (D:5)
  An acid dragon (D:9)
  A water moccasin (D:8)
  A hornet zombie (D:5)
  An ice beast (D:4)
  A black bear (D:6)
  2 orc warriors
  3 wolves (D:8)
  5 ogres
  4 centaurs
  3 necrophages
  2 kobold brigands (D:8)
  2 phantoms
  4 bullfrogs
  A scorpion (D:5)
  2 gnoll sergeants
  Dowan (D:5)
  A water moccasin zombie (D:4)
  A wyvern skeleton (D:7)
  10 killer bees (D:8)
  7 howler monkeys
  5 centaur zombies
  A bullfrog zombie (D:5)
  A bullfrog skeleton (D:4)
  5 hounds
  2 gnoll shamans
  4 orc priests
  3 scorpion zombies (D:5)
  A centaur skeleton (D:7)
  Ijyb (D:5)
  3 iguanas
  5 orc wizards
  A hound zombie (D:5)
  A hound skeleton (D:4)
  2 howler monkey zombies
  20 gnolls
  3 adders
  A shadow imp (D:7)
  2 white imps
  An ufetubus (D:4)
  An adder skeleton (D:4)
  2 dart slugs
  27 orcs
  6 ball pythons
  8 endoplasms
  3 giant cockroaches
  4 goblins
  7 hobgoblins
  11 jackals
  5 quokkas
  6 bats
  4 frilled lizards
  11 kobolds
  9 rats
241 creatures vanquished.

Vanquished Creatures (others)
  9 fungi (D:6)
  A withered plant (D:5)
10 creatures vanquished.

Grand Total: 251 creatures vanquished

Notes
Turn   | Place    | Note
-------+----------+-------------------------------------------
     0 | D:1      | HendSelp the Deep Elf Conjurer began the quest for the Orb.
     0 | D:1      | Reached XP level 1. HP: 10/10 MP: 6/6
   411 | D:1      | Reached XP level 2. HP: 15/15 MP: 3/9
   684 | D:1      | Found Nyacal Fijae's Book Emporium.
  1102 | D:1      | Found a faded altar of an unknown god.
  1338 | D:1      | Learned a level 2 spell: Searing Ray
  1361 | D:2      | Reached XP level 3. HP: 19/19 MP: 9/11
  1423 | D:2      | Reached skill level 5 in Spellcasting
  1925 | D:2      | Reached XP level 4. HP: 24/24 MP: 7/14
  2118 | D:2      | Found Dafeimn's Jewellery Boutique.
  2714 | D:3      | Reached XP level 5. HP: 9/28 MP: 0/16
  2996 | D:3      | Found a shadowy altar of Dithmenos.
  3040 | D:3      | Noticed a necrophage
  3048 | D:3      | Killed a necrophage
  3306 | D:3      | Reached XP level 6. HP: 27/32 MP: 10/19
  4141 | D:4      | Found a runed translucent gate.
  4142 | D:4      | Found a runed translucent gate.
  4144 | D:4      | Found a runed translucent gate.
  4232 | D:4      | Identified the +10 hand axe of Twilight {venom, rElec
                  | Str+4}
  4469 | D:4      | Noticed indyram44's ghost (amateur DsGl)
  4475 | D:4      | Noticed a yak
  5009 | D:4      | Reached skill level 10 in Spellcasting
  5009 | D:4      | Reached XP level 7. HP: 36/36 MP: 8/23
  5336 | D:5      | Entered Level 5 of the Dungeon
  5345 | D:4      | Reached skill level 5 in Conjurations
  5711 | D:5      | Reached XP level 8. HP: 11/41 MP: 13/25
  6453 | D:5      | Noticed Duvessa
  6454 | D:5      | Noticed Dowan
  6464 | D:5      | Killed Duvessa
  6467 | D:5      | Killed Dowan
  6907 | D:5      | Noticed Ijyb
  6915 | D:5      | Killed Ijyb
  7367 | D:5      | Noticed Sigmund
  7372 | D:5      | Killed Sigmund
  7373 | D:5      | Reached skill level 10 in Conjurations
  7610 | D:5      | Reached XP level 9. HP: 32/45 MP: 20/26
  7735 | D:5      | Found a runed translucent door.
  7738 | D:5      | Found a runed translucent door.
  8769 | D:6      | Learned a level 4 spell: Iskenderun's Mystic Blast
  9073 | D:6      | Noticed Eustachio
  9080 | D:6      | Reached skill level 1 in Translocations
  9087 | D:6      | Killed Eustachio
  9316 | D:6      | Found a staircase to the Ecumenical Temple.
  9351 | Temple   | Entered the Ecumenical Temple
  9571 | Temple   | Became a worshipper of Sif Muna the Loreminder
 10046 | D:7      | Found a bloodstained altar of Trog.
 10096 | D:7      | Noticed a two-headed ogre
 10315 | D:6      | Learned a level 3 spell: Tukima's Dance
 10398 | D:7      | Reached skill level 5 in Translocations
 10526 | D:7      | Found a broken altar of Ashenzari.
 10538 | D:7      | Killed a two-headed ogre
 10594 | D:7      | Reached XP level 10. HP: 31/50 MP: 16/27
 10771 | D:7      | Identified the +0 chain mail of Voscheena {rF+}
 11704 | D:8      | Reached * piety under Sif Muna
 11855 | D:8      | Learned a level 3 spell: Frozen Ramparts
 12175 | D:8      | Noticed Grum
 12186 | D:8      | Reached skill level 10 in Translocations
 12188 | D:8      | Killed Grum
 12190 | D:8      | HP: 2/50 [centaur/arrow (2)]
 13124 | D:9      | Found a staircase to the Orcish Mines.
 13436 | D:9      | Reached skill level 1 in Ice Magic
 14335 | D:10     | Entered Level 10 of the Dungeon
 14656 | D:10     | Found a staircase to the Lair.
 14684 | D:10     | Reached skill level 5 in Ice Magic
 14695 | D:10     | Reached XP level 11. HP: 36/54 MP: 14/28
 14911 | D:10     | Reached ** piety under Sif Muna
 15344 | D:10     | Found a sparkling altar of Nemelex Xobeh.
 15425 | D:11     | Found a frozen archway.
 15428 | D:11     | Noticed a two-headed ogre
 15432 | D:11     | Killed a two-headed ogre
 15440 | IceCv    | Entered an ice cave
 15557 | IceCv    | Mangled by an ice devil

Illustrated notes

Levels and vault maps discovered:
D:1:      dpeg_arrival_court, layout_basic,
          shapermc_ecumenical_altar_mp_vishouse, serial_shops, shop,
          chequers_serial_rivers_micro_e, grunt_decor_junction,
          minmay_misc_feat_tower, amethyst_killhole, chequers_avenue,
          chequers_serial_rivers_micro_d, chequers_serial_rivers_micro_e
D:2:      minmay_wonky_spiral, layout_loops_ring, serial_shops, shop,
          chequers_hall_statues_wall_a, serial_bayou_lagoon_a
D:3:      layout_basic, nicolae_dithmenos_through_a_glass_darkly,
          kennysheep_generic_room_4
D:4:      layout_basic, gammafunk_ghost_split, roderic_serpentine_path,
          minmay_liquid_box
D:5:      lemuel_insect_pit, layout_cave_pods, serial_undead, serial_undead_b,
          serial_undead_b, serial_undead_b, serial_undead_b,
          supply_closet_lemuel, patterned_corridor, uniq_ijyb, uniq_sigmund,
          uniq_duvessa
D:6:      kennysheep_steamy, layout_rooms, minmay_temple_entry_trees,
          minmay_tree_intersection, lemuel_another_geyser, uniq_eustachio
D:7:      layout_basic, grunt_temple_overflow_open, dk_vineyard_3, minmay_bent
D:8:      layout_loops_ring, hangedman_decor_push, uniq_grum
D:9:      layout_layer_cave, orc_0_dummy
D:10:     layout_rooms, nemelex_diamond_rough_becter, lair_entry_dummy,
          hangedman_abyss_or_decor_slice
D:11:     layout_basic, portal_ice_cave_entry_pillars_1
Temple:   dpeg_five_rooms_temple
IceCv:    ice_cave_tombish

Skill      XL: |  1  2  3  4  5  6  7  8  9 10 11 |
---------------+----------------------------------+-----
Spellcasting   | 4 6 7 8 10 11 | 11.0
Conjurations   | 6 10 11 | 11.1
Translocations | 7 11 | 11.1
Ice Magic      | 5 8 |  8.0
Dodging        | |  2.4
Stealth        | |  2.4

Action                   |  1- 3 |  4- 6 |  7- 9 | 10-12 || total
-------------------------+-------+-------+-------+-------++-------
Melee: Unarmed           |       |       |       |     2 ||     2
 Cast: Magic Dart        |    73 |   102 |   160 |   158 ||   493
       Searing Ray       |     1 |    10 |    47 |    41 ||    99
       Iskenderun's Myst |       |       |     2 |    30 ||    32
       Tukima's Dance    |       |       |     2 |     2 ||     4
       Frozen Ramparts   |       |       |       |     4 ||     4
Invok: Channel Magic     |       |       |       |     2 ||     2
Evoke: Wand              |       |       |     1 |       ||     1
  Use: Scroll            |     2 |     4 |     7 |     4 ||    17
       Potion            |       |       |     6 |     6 ||    12
Armor: Robe              |     1 |     5 |     7 |       ||    13
       Skin              |       |       |    28 |       ||    28
       Steam dragon scal |       |       |     2 |    33 ||    35
Dodge: Dodged            |     5 |     7 |    45 |    64 ||   121

Table legend: (Time is in decaauts)
 A = Elapsed time spent in this place.
 B = Non-inter-level travel time spent in this place.
 C = Inter-level travel time spent in this place.
 D = Time resting spent in this place.
 E = Time spent auto-exploring this place.
 F = Levels seen in this place.
 G = Mean time per level.
                   A        B        C        D        E       F      G
               +--------+--------+--------+--------+--------+-----+--------+
         Total |  15566 |  15022 |    544 |   1973 |  11560 |  13 | 1197.4 |
       Dungeon |  15176 |  14684 |    492 |   1923 |  11308 |  11 | 1379.6 |
        Temple |    272 |    220 |     52 |      0 |    212 |   1 |  272.0 |
      Ice Cave |    116 |    116 |      0 |     50 |     40 |   1 |  116.0 |
               +--------+--------+--------+--------+--------+-----+--------+

Top non-repeatable levels by time:
     D:5: 2807 daAuts
     D:4: 1799 daAuts
     D:9: 1671 daAuts
     D:6: 1456 daAuts
     D:1: 1352 daAuts
     D:8: 1327 daAuts
     D:3: 1314 daAuts
     D:7: 1239 daAuts
     D:2: 1234 daAuts
    D:10: 907 daAuts
  Temple: 272 daAuts
   IceCv: 116 daAuts
    D:11: 66 daAuts
